 Dungeon Crawl Stone Soup version 0.21.1-1-g345015fe64 (webtiles) character file.

130 Jannitor the Bolt Thrower (level 5, -1/36 HPs)
             Began as a Halfling Hunter on June 25, 2018.
             Slain by a centaur skeleton (6 damage)
             ... while paralysed
             ... on level 4 of the Dungeon.
             The game lasted 00:03:30 (2565 turns).

Jannitor the Bolt Thrower (Halfling Hunter)         Turns: 2565, Time: 00:03:31

Health: -1/36      AC:  3    Str: 14    XL:     5   Next: 36%
Magic:  5/5        EV:  3    Int:  9    God:
Gold:   148        SH:  0    Dex: 15    Spells: 4/4 levels left

rFire    . . .     SeeInvis .   b - +0 short sword
rCold    . . .     Gourm    .   (shield restricted)
rNeg     . . .     Faith    .   c - +0 leather armour
rPois    .         Spirit   .   (no helmet)
rElec    .         Reflect  .   (no cloak)
rCorr    +         Harm     .   (no gloves)
MR       .....                  (no boots)
Stlth    ++........             k - amulet of rage
HPRegen  0.12/turn              h - ring of resist corrosion
MPRegen  0.09/turn              (no ring)

@: paralysed, berserk cooldown, flying, slowed
A: small, mutation resistance 1
a: Evoke Berserk Rage


You were on level 4 of the Dungeon.
You were hungry.

You visited 1 branch of the dungeon, and saw 4 of its levels.

You collected 148 gold pieces.

Inventory:

Hand Weapons
 a - a +1 hand crossbow
 b - a +0 short sword (weapon)
Missiles
 d - 15 bolts
Armour
 c - a +0 leather armour (worn)
Jewellery
 h - a ring of resist corrosion (left hand)
 k - an amulet of rage (around neck)
Potions
 g - a potion of curing
 i - a potion of degeneration {unknown}
 j - a potion of heal wounds {unknown}
Comestibles
 f - 4 rations


   Skills:
 + Level 3.0 Fighting
 * Level 6.2 Crossbows
 - Level 2.1 Dodging
 - Level 1.1 Stealth


You had 4 spell levels left.
You didn't know any spells.

Dungeon Overview and Level Annotations

Branches:
Dungeon (4/15)
 Temple: D:4-7

Altars:
Dithmenos
Kikubaaqudgha
The Shining One

Annotations:
D:3 martinkus's ghost, amateur HuCj


Innate Abilities, Weirdness & Mutations

You are small and have problems with some larger weapons.
You are somewhat resistant to further mutation.


Message History

Your Crossbows skill increases to level 6!
You are no longer berserk.
You pass out from exhaustion.
You feel yourself slow down. The centaur skeleton hits you.
The jackal barely misses you.
The jackal bites you but does no damage.
The centaur skeleton barely misses you. The jackal bites you.
The quokka bites you.
The jackal bites you but does no damage.
The centaur skeleton hits you but does no damage.
The jackal barely misses you.
The quokka bites you but does no damage.
The jackal bites you but does no damage. x2
The centaur skeleton hits you. The quokka bites you.
* * * LOW HITPOINT WARNING * * *
The jackal completely misses you. The jackal bites you.
* * * LOW HITPOINT WARNING * * *
The centaur skeleton hits you.
You die...

!... ..........#
#....# ..........
#.....# #.........
#..... #.........
#.....####.........
#......##..<(......
#.|..hoho..###....
###.Zhroo..# #
#..h@##..o.#
#...####.o..# .....
##....# #..# ##.o.#
.# #..... ##....


You could see a howler monkey, an orc priest, 3 orcs, a quokka, 3 jackals and a
centaur skeleton.

Vanquished Creatures
  A hound (D:4)
  A gnoll (D:1)
  2 adders (D:2)
  2 worms (D:2)
  4 dart slugs
  2 leopard geckos
  An orc (D:3)
  A giant cockroach (D:3)
  6 goblins
  6 hobgoblins
  A jackal (D:4)
  A quokka (D:2)
  9 bats
  2 frilled lizards
  6 kobolds (D:1)
  19 rats
64 creatures vanquished.

Notes
Turn   | Place    | Note
-------+----------+-------------------------------------------
     0 | D:1      | Jannitor the Halfling Hunter began the quest for the Orb.
     0 | D:1      | Reached XP level 1. HP: 14/14 MP: 1/1
    53 | D:1      | Reached XP level 2. HP: 17/19 MP: 2/2
   225 | D:1      | Reached skill level 5 in Crossbows
   328 | D:1      | Reached XP level 3. HP: 24/24 MP: 3/3
   881 | D:1      | Reached XP level 4. HP: 15/30 MP: 4/4
  2046 | D:2      | Found an ancient bone altar of Kikubaaqudgha.
  2046 | D:2      | Found a glowing golden altar of the Shining One.
  2099 | D:3      | Reached XP level 5. HP: 36/36 MP: 5/5
  2118 | D:3      | Found a shadowy altar of Dithmenos.
  2269 | D:3      | Noticed martinkus's ghost (amateur HuCj)
  2562 | D:4      | Reached skill level 6 in Crossbows
  2565 | D:4      | Slain by a centaur skeleton

Skill      XL: |  1  2  3  4  5 |
---------------+----------------+-----
Fighting       | 2 3 |  3.0
Crossbows      | 5 6 |  6.2
Dodging        | |  2.1
Stealth        | |  1.1

Action                   |  1- 3 |  4- 6 || total
-------------------------+-------+-------++-------
Melee: Short sword       |   181 |    52 ||   233
 Fire: Hand crossbow     |     5 |    23 ||    28
  Use: Scroll            |       |     1 ||     1
       Potion            |       |     4 ||     4
 Stab: Sleeping          |     1 |     1 ||     2
  Eat: Chunk             |       |     5 ||     5
Armor: Leather armour    |    48 |    30 ||    78
Dodge: Dodged            |   188 |    81 ||   269
